Map: Ruínas de Endion

Players

EclaIr - Winner!

  • Race: Terran Terran
  • League: Grandmaster

TheZergLord

  • Race: Zerg Zerg
  • League: Master

VOD

Have the link to the VOD?

Description

Time

  • Played on: April 26, 2016, 12:21 p.m.
  • Length: 6:58
Show
View Real Time Build Order
Export as new Build Order

EclaIr Terran - Winner!

Build Orders: Reaper Expand 

Get SALT Encoding   

  12  0:01  SCV  
  13  0:13  SCV  
  14  0:18  Supply Depot  
  14  0:25  SCV  
  15  0:40  SCV  
  15  0:41  Barracks  
  16  0:45  Refinery  
  16  0:52  SCV  
  17  1:04  SCV  
  18  1:16  SCV  
  19  1:29  Reaper, Orbital Command  
  20  1:40  Command Center  
  20  1:50  Supply Depot  
  20  1:54  SCV  
  21  2:01  Marine  
  21  2:06  SCV  
  23  2:09  Factory  
  23  2:13  Refinery  
  23  2:19  SCV  
  24  2:31  SCV  
  24  2:32  Barracks Reactor  
  25  2:44  SCV  
  26  2:53  Orbital Command  
  26  2:54  Starport  
  26  2:56  SCV  
  27  2:59  Factory Tech Lab  
  27  3:02  Bunker  
  27  3:08  Marine, SCV  
  27  3:09  Marine  
  30  3:18  Widow Mine  
  30  3:19  SCV  
  33  3:20  SCV  
  33  3:23  Supply Depot  
  34  3:31  Medivac  
  34  3:32  SCV x2  
  34  3:33  Marine x2  
  40  3:44  SCV x2  
  40  3:46  Supply Depot  
  40  3:47  Siege Tank  
  45  3:51  Marine x2  
  47  3:56  SCV x2  
  49  4:05  Medivac  
  49  4:08  SCV x2  
  49  4:09  Marine x2  
  55  4:11  Supply Depot  
  55  4:24  Command Center  
  55  4:25  SCV x2  
  57  4:36  Liberator, Siege Tank  
  57  4:37  Marine x2  
  62  4:43  SCV  
  62  4:44  SCV  
  64  4:48  Supply Depot  
  64  4:50  Bunker  
  63  4:55  SCV  
  63  4:56  SCV  
  68  5:07  Engineering Bay  
  68  5:08  Engineering Bay, SCV x2  
  68  5:09  Refinery x2  
  64  5:20  SCV x2  
  64  5:22  Siege Tank  
  67  5:32  SCV x2  
  65  5:44  SCV x2  
  65  5:47  Bunker  
  65  5:49  Orbital Command  
  64  5:56  SCV x2  
  64  5:58  Liberator  
  64  6:03  Barracks  
  64  6:04  Barracks x2  
  64  6:06  Barracks  
  64  6:08  SCV x2  
  69  6:20  SCV x2  
  69  6:23  Factory Tech Lab, SCV  
  72  6:27  Marine  
  72  6:32  Supply Depot, SCV x2  
  75  6:35  SCV  
  56  6:57  Barracks Reactor x3  
  56  6:58  Barracks Reactor  
Show
View Real Time Build Order
Export as new Build Order

TheZergLord Zerg 

Build Orders: Hatch First, Ravager All-In 

Get SALT Encoding   

  12  0:01  Drone  
  13  0:13  Overlord  
  13  0:17  Drone  
  14  0:32  Drone x2  
  16  0:36  Drone  
  17  0:52  Hatchery  
  17  0:56  Drone  
  17  1:09  Spawning Pool  
  16  1:11  Drone  
  16  1:14  Extractor  
  16  1:17  Drone  
  17  1:23  Drone  
  18  1:30  Drone  
  19  1:40  Overlord  
  19  1:57  Queen  
  19  1:58  Zergling x2  
  22  2:02  Zergling x2  
  22  2:04  Queen, Zergling x2  
  26  2:13  Drone  
  27  2:17  Metabolic Boost  
  27  2:20  Drone  
  28  2:29  Drone  
  30  2:30  Drone  
  30  2:35  Drone  
  30  2:36  Drone  
  32  2:50  Hatchery  
  31  2:54  Queen  
  31  2:58  Overlord  
  33  3:01  Drone  
  33  3:03  Drone  
  35  3:06  Drone  
  36  3:13  Roach Warren  
  35  3:20  Extractor  
  35  3:21  Extractor, Drone  
  35  3:22  Drone  
  35  3:23  Drone  
  35  3:26  Drone  
  37  3:30  Drone  
  37  3:31  Drone  
  39  3:38  Drone  
  39  3:40  Overlord  
  40  3:45  Overlord  
  40  3:49  Overlord  
  40  4:01  Roach x3  
  46  4:03  Roach  
  46  4:08  Roach  
  50  4:10  Roach  
  52  4:17  Roach x2  
  56  4:38  Roach x6  
  64  4:43  Spore Crawler  
  64  4:45  Drone  
  66  4:56  Ravager x5  
  66  4:59  Zergling x6  
  70  5:11  Drone  
  70  5:12  Drone x2  
  68  5:23  Roach  
  68  5:24  Roach x2  
  60  5:36  Roach  
  60  5:37  Roach x3  
  50  5:58  Zergling x12  
  50  5:59  Zergling x2  
  50  6:00  Ravager x2  
  50  6:03  Roach  
  59  6:06  Queen, Drone x2  
  59  6:10  Ravager  
  64  6:12  Ravager  
  65  6:21  Ravager  
  65  6:24  Ravager  
  65  6:25  Zergling x10  
  69  6:28  Zergling x2  
Tags
 
Add a new tag
Caveats
  • Supply blocks, unpowered buildings, or Contaminate may cause inaccurate times.
  • Supply counts are checked every 10 seconds.